 Dungeon Crawl Stone Soup version 0.29.0-4-gdea44cf6ec (webtiles) character file.

Game seed: 13998761061104784473

12 qw the Chopper (level 2, -1/17 HPs)
             Began as a Tengu Warper on Aug 28, 2022.
             Succumbed to their own poison gas
             ... on level 1 of the Dungeon.
             The game lasted 00:00:04 (886 turns).

qw the Chopper (Tengu Warper)                        Turns: 886, Time: 00:00:04

Health: -1/17      AC: 12    Str: 11    XL:     2   Next: 33%
Magic:  6/6        EV:  5    Int: 13    God:
Gold:   54         SH:  0    Dex: 13    Spells: 5/5 levels left

rFire   . . .      SeeInvis .   Y - +0 hand axe
rCold   . . .      Faith    .   (no shield)
rNeg    . . .      Spirit   .   i - +0 chain mail
rPois   .          Reflect  .   (helmet restricted)
rElec   .          Harm     .   (no cloak)
rCorr   .          Rampage  .   (no gloves)
Will    .....                   (boots unavailable)
Stlth   ..........              (no amulet)
HPRegen 0.05/turn               k - +4 ring of protection
MPRegen 0.10/turn               (no ring)

@: lethally poisoned (-1 -> -11)
A: beak, talons 3
a: no special abilities


You were on level 1 of the Dungeon.
You visited 1 branch of the dungeon, and saw 1 of its levels.

You collected 54 gold pieces.


Innate Abilities, Weirdness & Mutations

You have a beak for a mouth.
You have claws for feet.


   Skills:
 - Level 2.0 Fighting
 + Level 3.2 Axes
 - Level 1.0 Throwing
 - Level 1.1 Armour
 - Level 2.1 Dodging
 - Level 2.0 Spellcasting
 - Level 2.4 Translocations


You had 5 spell levels left.
You didn't know any spells.
Your spell library contained the following spells:

 Spells                   Type           Power      Damage    Failure   Level
 Blink                    Tloc           14%        N/A       100%        2
 Gell's Gravitas          Tloc           7%         N/A       100%        3
 Lesser Beckoning         Tloc           7%         N/A       100%        3
 Teleport Other           Tloc           7%         N/A       100%        3
 Manifold Assault         Tloc           7%         N/A       100%        5

Inventory:

Hand Weapons
 f - a +0 mace
 Y - a +0 hand axe (weapon)
Armour
 i - a +0 chain mail (worn)
Jewellery
 k - a +4 ring of protection (left hand)

Dungeon Overview and Level Annotations

Branches:
Dungeon (1/15)

Altars:


Message History

Partly explored, can't reach some places.
877 ||| READING scroll labelled XIGGOU FIPOCU.
As you read the scroll labelled XIGGOU FIPOCU, it crumbles to dust.
You assume a fearsome visage.
Nothing appears to happen.
It was a scroll of fear.
Partly explored, can't reach some places.
878 ||| READING 2 scrolls labelled JAZXORCHAUDE.
As you read the scroll labelled JAZXORCHAUDE, it crumbles to dust.
It is a scroll of amnesia.
You feel forgetful for a moment.
Partly explored, can't reach some places.
879 ||| READING scroll labelled GOFEGU FUMER.
The air fills with toxic fumes!
As you read the scroll labelled GOFEGU FUMER, it crumbles to dust.
It was a scroll of poison.
Partly explored, can't reach some places.
880 ||| READING scroll labelled WAM COICVASIA.
As you read the scroll labelled WAM COICVASIA, it crumbles to dust.
It is a scroll of identify.
You don't have any unidentified items.
Partly explored, can't reach some places.
881 ||| DROPPING scroll of blinking.
You drop a scroll of blinking.
Partly explored, can't reach some places.
882 ||| DROPPING scroll of amnesia.
You drop a scroll of amnesia.
Partly explored, can't reach some places.
(D) Dungeon
Where to? (* - list waypoints, ? - help)
What level of the Dungeon? (default 1, ? - help) Sorry, I don't know how to get there.
Partly explored, can't reach some places.
883 ||| Stepping randomly (stuck).
Really walk into that cloud of poison gas?
You are engulfed in poison gas.
You are lethally poisoned!
You feel very sick.
884 ||| Stepping ~*~*~tactically~*~*~ (cloud).
You feel very sick.
There is a lethal amount of poison in your body!
You feel very sick.
There is a lethal amount of poison in your body!
You die...

.# #.# #.# #.##....#.#.##...
.####.#####.# #.###.#.#........
..........#.#####[###.#.###.##...
.####.###.#...........#.# #.###..
.# #.# #.########.####.# #.####.
.####.# #.# ##>¤¤###.# #......
......###.######0#¤#¤##¤# #.#####
.##........¤¤¤¤000¤¤¤00¤# #.### #
.#.....##.#####.@#?#.#### #...###
.#..##.~~~~~¤¤¤¤0~0¤0~~~# #....>.
.....#.~####0¤0¤¤~¤####~# #.#.###
.#.#.#.~#}.####¤####.}#~# #.#.###
.....(.~#..'..¤0...+..#~ #......
...####~##+####'####'##~ #.#.###
..#.###~~#.#.......#.#~~ #.#.#
.###...~~#.#...8...#.#~~###.#.#
....###~~#.+.#####.'.#~~...#>.##


There were no monsters in sight!

Vanquished Creatures
  2 ball pythons (D:1)
  4 endoplasms (D:1)
  A giant cockroach (D:1)
  A goblin (D:1)
  A bat (D:1)
  A rat (D:1)
10 creatures vanquished.

Notes
Turn   | Place    | Note
-------+----------+-------------------------------------------
     0 | D:1      | qw the Tengu Warper began the quest for the Orb.
     0 | D:1      | Reached XP level 1. HP: 12/12 MP: 4/4
     0 | D:1      | 0 ||| qw: Version: 0.1-a-89-g26bdef1
     0 | D:1      | 0 ||| qw: Game counter: 2446
     0 | D:1      | 0 ||| qw: Always use a shield: true
     0 | D:1      | 0 ||| qw: God list: Okawaru
     0 | D:1      | 0 ||| qw: Allow faded altars: false
     0 | D:1      | 0 ||| qw: Do Orc after D:15 true
     0 | D:1      | 0 ||| qw: Do second Lair branch before Depths: true
     0 | D:1      | 0 ||| qw: Lair rune preference: random
     0 | D:1      | 0 ||| qw: Plans: Normal
     0 | D:1      | 0 ||| PLANNING D:1-11
   205 | D:1      | Reached XP level 2. HP: 17/17 MP: 6/6
   212 | D:1      | Reached skill level 3 in Axes
   854 | D:1      | 854 ||| UPGRADING to +1 ring mail of poison resistance.
   864 | D:1      | 864 ||| DROPPING +0 leather armour.
   865 | D:1      | 865 ||| UPGRADING to +0 chain mail.
   875 | D:1      | 875 ||| DROPPING +1 ring mail of poison resistance.
   876 | D:1      | 876 ||| UPGRADING to +4 ring of protection.
   877 | D:1      | 877 ||| READING scroll labelled XIGGOU FIPOCU.
   878 | D:1      | 878 ||| READING 2 scrolls labelled JAZXORCHAUDE.
   879 | D:1      | 879 ||| READING scroll labelled GOFEGU FUMER.
   880 | D:1      | 880 ||| READING scroll labelled WAM COICVASIA.
   881 | D:1      | 881 ||| DROPPING scroll of blinking.
   882 | D:1      | 882 ||| DROPPING scroll of amnesia.
   883 | D:1      | 883 ||| Stepping randomly (stuck).
   884 | D:1      | 884 ||| Stepping ~*~*~tactically~*~*~ (cloud).
   884 | D:1      | HP: 4/17 [poisoned by you (poison gas)]
   885 | D:1      | HP: 1/17 [poisoned by you (poison gas)]
   886 | D:1      | Succumbed to their own poison gas

Levels and vault maps discovered:
D:1:      heliophobic_arrival_glass_houses, layout_loops_ring,
          minmay_misc_feat_alley, minmay_stone_trees_small

Skill      XL: |  1  2 |
---------------+-------+-----
Axes           | 3 |  3.2
Fighting       | |  2.0
Throwing       | |  1.0
Armour         | |  1.1
Dodging        | |  2.1
Spellcasting   | |  2.0
Translocations | |  2.4

Action                   || total
-------------------------++-------
Melee: Hand axe          ||    16
       Kick              ||     6
Throw: Boomerang         ||     7
  Use: Scroll            ||     4
Armor: Leather armour    ||     7
Dodge: Dodged            ||     5

Table legend:
 A = Non-vault XP
 B = Vault XP
 C = Vault XP percentage of total XP
 D = Non-vault monster count
 E = Vault monster count
 F = Vault count percentage of total count
                 A         B        C        D         E       F
            +---------+---------+-------+---------+---------+-------
      Total |      18 |       0 |   0.0 |      10 |       0 |   0.0
            +---------+---------+-------+---------+---------+-------
        D:1 |      18 |       0 |   0.0 |      10 |       0 |   0.0
            +---------+---------+-------+---------+---------+-------
